 Dungeon Crawl Stone Soup version 0.29.1-15-g9cfb28693d (webtiles) character file.

Game seed: 5315567535960509310

1125 sentinel the Placeless Meteoran (level 8, -4/57 HPs)
             Began as a Meteoran Earth Elementalist on Aug 13, 2023.
             Was a Believer of Vehumet.
             Slain by a kobold brigand
             ... wielding a +0 short sword
              (6 damage)
             ... on level 8 of the Dungeon.
             The game lasted 00:18:40 (851 turns).

sentinel the Placeless Meteoran (MeEE)               Turns: 851, Time: 00:18:40

Health: -4/57      AC:  3    Str:  9    XL:     8   Next: 93%
Magic:  15/17      EV: 12    Int: 19    God:    Vehumet [**....]
Gold:   418        SH:  0    Dex: 15    Spells: 8/18 levels left

rFire   + + .      SeeInvis .   (no weapon)
rCold   + . .      Faith    .   (no shield)
rNeg    . . .      Spirit   .   l - +1 robe {rF+}
rPois   +          Reflect  .   (no helmet)
rElec   +          Harm     .   (no cloak)
rCorr   +          Rampage  .   (no gloves)
Will    +....                   (no boots)
Stlth   +.........              k - amulet of the acrobat
HPRegen 0.19/turn               (no ring)
MPRegen 0.15/turn               (no ring)

@: resistant, glowing
A: sense surroundings 1, otherworldly, glowing, explore regen
a: Renounce Religion


You were on level 8 of the Dungeon.
You worshipped Vehumet.
Vehumet was pleased with you.
You visited 1 branch of the dungeon, and saw 8 of its levels.

You collected 418 gold pieces.

Inventory:

Armour
 j - a +0 kite shield
 l - a +1 robe of fire resistance (worn)
Jewellery
 k - an amulet of the acrobat (around neck)
Scrolls
 f - a scroll of silence {!r}
 m - a scroll of vulnerability
 n - 2 scrolls of amnesia
 o - a scroll of noise
 t - a scroll of teleportation
Potions
 g - a potion of invisibility {unknown}


   Skills:
 - Level 2.4 Dodging
 - Level 1.4 Stealth
 + Level 5.7 Spellcasting
 - Level 3.0 Conjurations
 - Level 8.0 Translocations
 - Level 1.2 Transmutations
 - Level 5.0 Earth Magic
 - Level 4.0 Evocations


You had 8 spell levels left.
You knew the following spells:

 Your Spells              Type           Power      Damage    Failure   Level
a - Sandblast             Erth           48%        2d12      1%          1
h - Stone Arrow           Conj/Erth      40%        3d9       7%          3
j - Passwall              Tmut/Erth      14%        N/A       4%          2
z - Passage of Golubria   Tloc           35%        N/A       4%          4

Your spell library contained the following spells:

 Spells                   Type           Power      Damage    Failure   Level
 Dazzling Flash           Conj/Hex       22%        N/A       19%         3
 Magic Dart               Conj           64%        1d6       3%          1
 Searing Ray              Conj           32%        2d5       4%          2
 Petrify                  Tmut/Erth      17%        N/A       32%         4
 Fulminant Prism          Conj/Hex       5%         3d7       52%         4
 Silence                  Hex/Air        2%         N/A       97%         5
 Lehudib's Crystal Spear  Conj/Erth      10%        10d4      100%        8


Dungeon Overview and Level Annotations

Branches:
Dungeon (8/15) Zot: 3896
 Temple: D:4-7         Lair: D:8-11

Altars:
Dithmenos
Nemelex Xobeh
Vehumet

Annotations:
D:8 Joseph


Innate Abilities, Weirdness & Mutations

You passively map a small area around you.
You are easily found by Zot.
You glow in the dark.
You regain HP and MP as you explore.


Message History

A rock wall.
This rock feels extremely deep. 3 orcs come into view.
The orc shouts! x2; You hear a snapping sound.
The blast of sand hits the orc!
You kill the orc!
Vehumet accepts your kill.
The blast of sand hits the orc.
The orc is heavily wounded.
The orc hits you with a +0 club.
The blast of sand hits the orc!
You kill the orc!
Vehumet accepts your kill.
You feel your power returning. The orc hits you with a +0 falchion.
The blast of sand hits the orc.
The orc is lightly wounded.
The orc hits you with a +0 falchion.
The blast of sand hits the orc.
The orc is severely wounded.
The orc hits you with a +0 falchion. x2
You are too injured to fight recklessly!
You are too injured to fight recklessly!
Casting: Sandblast (safe; 1% risk of failure)
Confirm with . or Enter, or press ? or * to list all spells.
Aiming: Stone Arrow (dangerous; 7% risk of failure)
Press: ? - help, Shift-Dir - straight line, f/p - orc
Aim: an orc, wielding a +0 falchion, wearing a +0 leather armour and quivering boomerangs (severely wounded, 71% to hit)
The stone arrow hits the orc!!
You kill the orc!
Vehumet accepts your kill.
Items here: ( )) [[ ††.
An ufetubus comes into view.
The ufetubus shouts!
An ufetubus is nearby!
The blast of sand hits the ufetubus!
You kill the ufetubus!
Vehumet accepts your kill.
You can't see any susceptible monsters within range! (Use Z to cast anyway.)
Found a scroll labelled ATITSOFF OPRAIH.
Found 13 gold pieces.
You see here a scroll labelled ATITSOFF OPRAIH.
c - a scroll labelled ATITSOFF OPRAIH
(D) Dungeon
Where to? (Enter - D:4, ? - help)
There is a stone staircase leading down here.
You climb downwards.
Level annotation: Joseph The kobold brigand hits you with a +0 short sword.
There is a stone staircase leading up, spattered with blood here.
Casting: Sandblast (safe; 1% risk of failure)
Confirm with . or Enter, or press ? or * to list all spells.
Aiming: Stone Arrow (dangerous; 7% risk of failure)
Press: ? - help, Shift-Dir - straight line, f - kobold brigand
Aim: a kobold brigand, wielding a +0 short sword and quivering curare-tipped darts (64% to hit)
The stone arrow hits the kobold brigand!
The kobold brigand is moderately wounded.
The kobold brigand hits you but does no damage.
Casting: Stone Arrow (dangerous; 7% risk of failure)
Confirm with . or Enter, or press ? or * to list all spells.
Aiming: Stone Arrow (dangerous; 7% risk of failure)
Press: ? - help, Shift-Dir - straight line, f/p - kobold brigand
Aim: a kobold brigand, wielding a +0 short sword and quivering curare-tipped darts (moderately wounded, 64% to hit)
The stone arrow misses the kobold brigand.
The stone arrow misses the centaur.
The kobold brigand hits you with a +0 short sword.
Casting: Stone Arrow (dangerous; 7% risk of failure)
Confirm with . or Enter, or press ? or * to list all spells.
Aiming: Stone Arrow (dangerous; 7% risk of failure)
Press: ? - help, Shift-Dir - straight line, f/p - kobold brigand
Aim: a kobold brigand, wielding a +0 short sword and quivering curare-tipped darts (moderately wounded, 64% to hit)
The stone arrow hits the kobold brigand!
The kobold brigand is severely wounded.
The kobold brigand barely misses you.
Casting: Stone Arrow (dangerous; 7% risk of failure)
Confirm with . or Enter, or press ? or * to list all spells.
Aiming: Stone Arrow (dangerous; 7% risk of failure)
Press: ? - help, Shift-Dir - straight line, f/p - kobold brigand
Aim: a kobold brigand, wielding a +0 short sword and quivering curare-tipped darts (severely wounded, 64% to hit)
The stone arrow misses the kobold brigand.
The kobold brigand hits you with a +0 short sword!
The centaur unwields a +0 shortbow.
The centaur closely misses you. The centaur misses you.
Casting: Stone Arrow (dangerous; 7% risk of failure)
Confirm with . or Enter, or press ? or * to list all spells.
Aiming: Stone Arrow (dangerous; 7% risk of failure)
Press: ? - help, Shift-Dir - straight line, f/p - kobold brigand
Aim: a kobold brigand, wielding a +0 short sword and quivering curare-tipped darts (severely wounded, 64% to hit)
The stone arrow misses the kobold brigand.
The centaur hits you.
The centaur kicks you but does no damage.
The kobold brigand hits you with a +0 short sword.
The centaur hits you but does no damage.
The centaur kicks you but does no damage.
Casting: Stone Arrow (dangerous; 7% risk of failure)
Confirm with . or Enter, or press ? or * to list all spells.
You don't have enough magic to cast this spell.
Unknown command.
You aren't carrying any items that you can evoke.
Unknown command.
Unknown command.
You are too injured to fight recklessly!
Unknown command.
Unknown command.
Casting: Stone Arrow (dangerous; 7% risk of failure)
Confirm with . or Enter, or press ? or * to list all spells.
You don't have enough magic to cast this spell.
Okay, then.
Okay, then.
Magic courses through your body.
The kobold brigand hits you with a +0 short sword.
The centaur hits you. The centaur misses you.
Casting: Stone Arrow (dangerous; 7% risk of failure)
Confirm with . or Enter, or press ? or * to list all spells.
Aiming: Stone Arrow (dangerous; 7% risk of failure)
Press: ? - help, Shift-Dir - straight line, f/p - kobold brigand
Aim: a kobold brigand, wielding a +0 short sword and quivering curare-tipped darts (severely wounded, 64% to hit)
The stone arrow hits the kobold brigand!
The kobold brigand is almost dead.
The centaur hits you.
The centaur kicks you but does no damage.
The kobold brigand hits you with a +0 short sword.
* * * LOW HITPOINT WARNING * * *
The centaur hits you but does no damage.
The centaur kicks you.
* * * LOW HITPOINT WARNING * * *
HP warning!
Casting: Stone Arrow (dangerous; 7% risk of failure)
Confirm with . or Enter, or press ? or * to list all spells.
Aiming: Stone Arrow (dangerous; 7% risk of failure)
Press: ? - help, Shift-Dir - straight line, f/p - kobold brigand
Aim: a kobold brigand, wielding a +0 short sword and quivering curare-tipped darts (almost dead, 64% to hit)
Okay, then.
It was a potion of curing.
You feel better. The kobold brigand closely misses you. The centaur hits you.
The centaur kicks you.
Okay, then.
The air fills with toxic fumes!
As you read the scroll labelled ATITSOFF OPRAIH, it crumbles to dust.
It was a scroll of poison.
The centaur closely misses you.
The centaur kicks you but does no damage.
The kobold brigand completely misses you.
The centaur hits you.
* * * LOW HITPOINT WARNING * * *
The centaur kicks you.
* * * LOW HITPOINT WARNING * * *
HP warning!
It was a potion of resistance.
You feel protected.
The kobold brigand hits you with a +0 short sword.
You die...

, ...............# ....
.§§§§§§§§§§..... , ,....,
#§§§§§§§§......
......*#§§§.c§§§.##..#* *
*....§##§§§§z§§... ..
#.#.§§§§§§§§§# §
#...§§§§§§§§§# §§§ ,
#####....#§§§§wKc#§§§§§
.#.#.....###§§§§@§§§§§§§.
.........§§§§§§§§§#§§§§§.
...#.....§§§§§##§###.§###
.........§§§###### ..#
#......§§......# ,.#* #
#......§....#..# *.##.# *
#..........##..####....##
#...........##..........#
.....#......##.........#
*


You could see a kobold brigand, 2 centaurs, a worm and a wight.

Vanquished Creatures
  2 yaks
  A water moccasin (D:7)
  An orc warrior (D:7)
  A black bear (D:5)
  2 centaurs (D:8)
  A scorpion (D:7)
  A wight (D:8)
  2 jellies
  An orc priest (D:8)
  An iguana (D:4)
  3 orc wizards
  2 gnolls (D:2)
  An ufetubus (D:7)
  3 worms (D:5)
  3 dart slugs
  9 orcs
  4 ball pythons
  2 endoplasms
  A goblin (D:1)
  5 hobgoblins
  3 jackals (D:2)
  A quokka (D:5)
  4 bats
  2 frilled lizards (D:3)
  4 kobolds
60 creatures vanquished.

Notes
Turn   | Place    | Note
-------+----------+-------------------------------------------
     0 | D:1      | sentinel the Meteoran Earth Elementalist began the quest
                  | for the Orb.
     0 | D:1      | Reached XP level 1. HP: 14/14 MP: 5/5
    79 | D:1      | Found a faded altar of an unknown god.
    83 | D:1      | Prayed at the altar of an unknown god.
    83 | D:1      | Became a worshipper of Vehumet
    83 | D:1      | Reached * piety under Vehumet
    83 | D:1      | Offered knowledge of Freeze by Vehumet.
    89 | D:1      | Reached XP level 2. HP: 18/20 MP: 4/6
    93 | D:1      | Learned a level 2 spell: Passwall
   171 | D:1      | Reached XP level 3. HP: 18/26 MP: 2/8
   175 | D:1      | Learned a level 3 spell: Stone Arrow
   212 | D:2      | Reached skill level 1 in Conjurations
   212 | D:2      | Reached XP level 4. HP: 28/33 MP: 9/9
   221 | D:3      | Reached skill level 5 in Earth Magic
   280 | D:3      | Found a shadowy altar of Dithmenos.
   322 | D:3      | Reached ** piety under Vehumet
   326 | D:4      | Offered knowledge of Poisonous Vapours by Vehumet.
   329 | D:4      | Reached XP level 5. HP: 27/38 MP: 3/11
   334 | D:4      | Learned a level 4 spell: Passage of Golubria
   399 | D:4      | Reached skill level 1 in Translocations
   402 | D:5      | Entered Level 5 of the Dungeon
   434 | D:5      | Reached XP level 6. HP: 36/45 MP: 9/13
   438 | D:5      | Reached skill level 2 in Translocations
   441 | D:5      | Noticed a black bear
   446 | D:5      | Killed a black bear
   447 | D:5      | Reached skill level 5 in Spellcasting
   447 | D:5      | Reached skill level 3 in Translocations
   484 | D:7      | Noticed an orc warrior
   489 | D:7      | Killed an orc warrior
   490 | D:7      | Reached skill level 4 in Translocations
   490 | D:7      | Reached XP level 7. HP: 50/50 MP: 2/15
   505 | D:6      | Found a sparkling altar of Nemelex Xobeh.
   523 | D:8      | Reached skill level 5 in Translocations
   524 | D:8      | Offered knowledge of Dazzling Flash by Vehumet.
   526 | D:8      | Noticed Joseph
   566 | D:7      | Reached skill level 6 in Translocations
   596 | D:7      | Noticed a water moccasin
   601 | D:7      | Killed a water moccasin
   602 | D:7      | Reached skill level 7 in Translocations
   602 | D:7      | Reached XP level 8. HP: 41/57 MP: 10/16
   603 | D:7      | Noticed a yak
   603 | D:7      | Noticed a yak
   604 | D:7      | Noticed a yak
   604 | D:7      | Noticed a yak
   605 | D:7      | Noticed a yak
   620 | D:7      | Killed a yak
   659 | D:8      | Noticed a yak
   659 | D:8      | Noticed a yak
   663 | D:8      | Killed a yak
   664 | D:8      | Reached skill level 8 in Translocations
   679 | D:8      | Noticed a yak
   781 | D:7      | Identified a scroll of acquirement
   781 | D:7      | Acquired 418 gold pieces
   850 | D:8      | HP: 1/57 [centaur (3)]
   851 | D:8      | Slain by a kobold brigand

Illustrated notes

Levels and vault maps discovered:
D:1:      lightli_arrival_chessboard, layout_rooms,
          shapermc_ecumenical_altar_acropolis
D:2:      layout_rooms, basic_altar, roderic_filled_cross
D:3:      layout_basic, grunt_dithmenos_smoke, mainiacjoe_overflow_brackets
D:4:      layout_basic, nicolae_wu_jian_wuxing_cycle,
          mainiacjoe_overflow_alcove_1, minmay_misc_feat_diagonals,
          kennysheep_cross_room, minivault_25, minmay_fire_ice_demons,
          uniq_eustachio, uniq_ijyb
D:5:      layout_basic, minmay_splitting_lines, nicolae_wormholes
D:6:      layout_basic, mainiacjoe_overflow_large_starburst
D:7:      layout_loops_ring, minmay_temple_entry_gardened_gates, enter_bailey_2,
          nicolae_eternal_life
D:8:      layout_cave_pools, kennysheep_mini, uniq_joseph

Skill      XL: |  1  2  3  4  5  6  7  8 |
---------------+-------------------------+-----
Earth Magic    | 4 5 |  5.0
Spellcasting   | 3 4 5 |  5.7
Conjurations   | 1 2 3 |  3.0
Translocations | 1 4 7 8 |  8.0
Evocations     | 4 |  4.0
Dodging        | |  2.4
Stealth        | |  1.4
Transmutations | |  1.2

Action                   |  1- 3 |  4- 6 |  7- 9 || total
-------------------------+-------+-------+-------++-------
Melee: Unarmed           |     1 |       |       ||     1
 Cast: Sandblast         |    26 |    44 |    14 ||    84
       Passwall          |       |    11 |     6 ||    17
       Stone Arrow       |       |     4 |    27 ||    31
       Passage of Golubr |       |       |     5 ||     5
Evoke: Wand              |       |       |     8 ||     8
  Use: Scroll            |       |       |    11 ||    11
       Potion            |       |       |     3 ||     3
Armor: Robe              |     3 |     4 |    10 ||    17
Dodge: Dodged            |    13 |    15 |    29 ||    57
